 Dungeon Crawl Stone Soup version 0.22-a0-266-g5fdf0d7d63 (webtiles) character file.

98 Manul the Ducker (level 4, -2/23 HPs)
             Began as a Spriggan Abyssal Knight on Mar 8, 2018.
             Was a Believer of Lugonu.
             Killed by divine providence
             ... invoked by an orc priest
              (11 damage)
             ... on level 4 of the Dungeon.
             The game lasted 00:04:19 (3610 turns).

Manul the Ducker (Spriggan Abyssal Knight)          Turns: 3610, Time: 00:04:20

Health: -2/23      AC:  2    Str:  8    XL:     4   Next: 44%
Magic:  6/6        EV: 19    Int: 13    God:    Lugonu [**....]
Gold:   147        SH:  5    Dex: 18    Spells: 3/3 levels left

rFire    . . .     SeeInvis +   f - +4 dagger
rCold    . . .     Gourm    .   q - +0 buckler
rNeg     . . .     Faith    .   b - +0 robe
rPois    .         Spirit   .   (helmet restricted)
rElec    .         Reflect  .   (no cloak)
rCorr    .         Harm     .   (gloves unavailable)
MR       .....                  (boots unavailable)
Stlth    +++.......             (no amulet)
HPRegen  0.07/turn              p - +2 ring of dexterity
MPRegen  0.10/turn              (no ring)

@: very quick
A: very small, unfitting armour, see invisible, herbivore, speed 3, slow
metabolism 2
a: Depart the Abyss, Bend Space, Renounce Religion


You were on level 4 of the Dungeon.
You worshipped Lugonu.
Lugonu was pleased with you.
You were not hungry.

You visited 1 branch of the dungeon, and saw 4 of its levels.
You visited the Abyss 1 time.

You collected 147 gold pieces.

Inventory:

Hand Weapons
 a - a +1 short sword
 f - a +4 dagger (weapon)
 n - a +0 blowgun
Missiles
 o - 5 curare-tipped needles
Armour
 b - a +0 robe (worn)
 q - a +0 buckler (worn)
Jewellery
 p - a +2 ring of dexterity (left hand)
Wands
 g - a wand of polymorph (14)
Scrolls
 e - a scroll of vulnerability
 j - 3 scrolls of remove curse
 m - a scroll of teleportation {unknown}
 r - a scroll of enchant armour {unknown}
 t - 2 scrolls of identify
Potions
 d - a potion of haste {unknown}
 h - a potion of heal wounds {unknown}
 i - 2 potions of might {unknown}
 k - 2 potions of brilliance {unknown}
 l - a potion of curing {unknown}
 s - a potion of agility {unknown}
Comestibles
 c - 8 rations


   Skills:
 + Level 2.9 Fighting
 + Level 3.0 Short Blades
 + Level 4.6 Dodging
 * Level 3.7 Stealth
 + Level 1.8 Invocations


You had 3 spell levels left.
You didn't know any spells.

Dungeon Overview and Level Annotations

Branches:
Dungeon (4/15)
 Temple: D:4-7

Altars:
Uskayaw


Innate Abilities, Weirdness & Mutations

You are very small and have problems with some larger weapons.
You are too small for most types of armour.
You have supernaturally acute eyesight. (SInv)
You are a herbivore.
You cover ground extremely quickly.
You need to consume almost no food.


Message History

The adder skeleton closely misses you.
You climb upwards.
There is a stone staircase leading down here.
There is a stone staircase leading down here.
You climb downwards. 4 orcs and an orc priest come into view.
The orc priest is wielding a hand axe of flaming.
An orc is wielding a war axe of flaming.
Found a ration.
There is a stone staircase leading up here.
The helpless orc fails to defend itself.
You impale the orc!!
You kill the orc!
Lugonu accepts your kill.
The orc priest shouts!
The orc shouts! x2
The orc priest invokes the aid of Beogh against you.
Pain shoots through your body! The orc hits you with a flail.
The orc priest mumbles some strange prayers to Beogh against you.
Beogh smites you!
You die...

####+#######
#..........#
#..o.......#
#o.oo..%...#
#...@......#
#...)......#
############


You could see an orc priest and 3 orcs.

Vanquished Creatures
  3 adders (D:3)
  An ooze (D:2)
  A worm (D:2)
  3 dart slugs
  2 leopard geckos (D:1)
  An orc (D:4)
  10 bats
  2 giant cockroaches (D:1)
  3 goblins
  5 hobgoblins
  4 jackals (D:2)
  7 kobolds
  2 quokkas
  4 ball pythons
  3 frilled lizards
  5 rats
56 creatures vanquished.

Vanquished Creatures (others)
  A goblin (D:3)
  4 tentacles (Abyss:2)
5 creatures vanquished.

Grand Total: 61 creatures vanquished

Notes
Turn   | Place    | Note
-------+----------+-------------------------------------------
     0 | Abyss:1  | Manul the Spriggan Abyssal Knight began the quest for the Orb.
     0 | Abyss:1  | Reached XP level 1. HP: 11/11 MP: 3/3
    77 | Abyss:2  | Noticed a kraken
    89 | Abyss:2  | Noticed a tormentor
   105 | Abyss:2  | Noticed a small abomination
   116 | Abyss:2  | Noticed a hellwing
   136 | Abyss:3  | Found a corrupted altar of Lugonu.
   145 | Abyss:3  | Noticed an apocalypse crab
   197 | Abyss:3  | Noticed a tentacled starspawn
   202 | Abyss:3  | Noticed a lich
   209 | D:1      | Escaped the Abyss
   562 | D:1      | Reached skill level 1 in Stealth
   661 | D:1      | Reached XP level 2. HP: 12/16 MP: 4/4
   667 | D:1      | Reached * piety under Lugonu
  1275 | D:1      | Reached skill level 4 in Dodging
  1566 | D:1      | Reached XP level 3. HP: 19/19 MP: 5/5
  2253 | D:2      | Reached ** piety under Lugonu
  2472 | D:2      | Found a faded altar of an unknown god.
  2569 | D:2      | Found a hide-covered altar of Uskayaw.
  2711 | D:3      | Reached XP level 4. HP: 19/23 MP: 6/6
  3583 | D:4      | Noticed an ogre
  3610 | D:4      | Killed from afar by an orc priest

Vault maps used:
D:1:      dpeg_arrival_oval, serial_corexii_hall, corexii_hall_statues_l,
          corexii_hall_statues_i, corexii_hall_statues_s,
          minmay_shallow_snake_nest
D:2:      old_standard_altar, chequers_ecumenical_altar_simple, first_ration
D:3:      lemuel_flame_loot_1
D:4:      cheibrodos_greedy_goblins, grunt_temple_overflow_champion_of_chaos,
          nicolae_overflow_hidden_temple, kennysheep_okawaru_gauntlet
Abyss:2:  evilmike_abyss_exit_kraken
Abyss:3:  minivault_4, hangedman_decor_riveting

Skill      XL: |  1  2  3  4 |
---------------+-------------+-----
Stealth        | 1 2 3 |  3.7
Dodging        | 4 |  4.6
Short Blades   | 3 |  3.0
Fighting       | |  2.9
Invocations    | |  1.8

Action                   |  1- 3 |  4- 6 || total
-------------------------+-------+-------++-------
Melee: Dagger            |   134 |    22 ||   156
Invok: Depart the Abyss  |     1 |       ||     1
  Use: Scroll            |     2 |       ||     2
 Stab: Sleeping          |     8 |     6 ||    14
Armor: Robe              |    11 |     2 ||    13
Dodge: Dodged            |    85 |     8 ||    93
Block: Buckler           |       |     3 ||     3

Table legend:
 A = Spawn XP
 B = Non-spawn XP
 C = Spawn XP percentage of total XP
 D = Spawn monster count
 E = Non-spawn monster count
 F = Spawn count percentage of total count
 G = Total turns spent on level
                    A         B        C        D         E        F      G
               +---------+---------+-------+---------+---------+-------+---------
         Total |       0 |     141 |   0.0 |       0 |      56 |   0.0 |  3610
               +---------+---------+-------+---------+---------+-------+---------
           D:1 |       0 |      45 |   0.0 |       0 |      25 |   0.0 |  1537
           D:2 |       0 |      43 |   0.0 |       0 |      20 |   0.0 |   926
           D:3 |       0 |      50 |   0.0 |       0 |      10 |   0.0 |   930
           D:4 |       0 |       3 |   0.0 |       0 |       1 |   0.0 |     8
               +---------+---------+-------+---------+---------+-------+---------
